 Dungeon Crawl Stone Soup version 0.26.0-16-gc1dbca0489 (webtiles) character file.

Game seed: 12457905003307509249

38 EnegeticOcto the Stinger (level 3, 0/31 HPs)
             Began as a Ghoul Venom Mage on Jan 20, 2021.
             Was an Initiate of Yredelemnul.
             Slain by a leopard gecko (1 damage)
             ... on level 2 of the Dungeon.
             The game lasted 00:02:04 (1660 turns).

EnegeticOcto the Stinger (Ghoul Venom Mage)         Turns: 1660, Time: 00:02:04

Health: 0/31       AC:  5    Str: 12    XL:     3   Next: 43%
Magic:  4/4        EV:  5    Int: 10    God:    Yredelemnul [......]
Gold:   88         SH: 10    Dex:  9    Spells: 4/5 levels left

rFire    . . .     SeeInvis .   h - +0 spear
rCold    + . .     Faith    .   m - +0 tower shield
rNeg     + + +     Spirit   .   d - +0 ring mail (curse)
rPois    ∞         Reflect  .   (no helmet)
rElec    .         Harm     .   (no cloak)
rCorr    .         Rampage  .   (no gloves)
Will     .....                  (no boots)
Stlth    +.........             (no amulet)
HPRegen  0.00/turn              (no ring)
MPRegen  0.09/turn              (no ring)

@: mighty, flying
A: claws 1, cold resistance 1, negative energy resistance 3, inhibited
regeneration, torment resistance, unbreathing
a: Renounce Religion


You were on level 2 of the Dungeon.
You worshipped Yredelemnul.
Yredelemnul was noncommittal.
You visited 1 branch of the dungeon, and saw 2 of its levels.

You collected 88 gold pieces.

Inventory:

Hand Weapons
 e - a +0 short sword
   (You took it off a goblin on level 1 of the Dungeon)
 h - a +0 spear (weapon)
   (You found it on level 1 of the Dungeon)
 o - a +0 mace
   (You found it on level 1 of the Dungeon)
Missiles
 n - 8 poisoned darts
Armour
 a - a +0 robe
 d - a cursed +0 ring mail (worn)
   (You found it on level 1 of the Dungeon)
 m - a +0 tower shield (worn)
   (You took it off a hobgoblin on level 1 of the Dungeon)
Scrolls
 b - a scroll of enchant weapon {unknown}
 c - a scroll of blinking {unknown}
 f - a scroll of enchant armour {unknown}
 g - 2 scrolls of identify {unknown}
 k - a scroll of teleportation {unknown}
 l - a scroll of remove curse {unknown}
 p - a scroll of fog {unknown}
Potions
 j - a potion of might {@q3 !q}


   Skills:
 - Level 3.0 Fighting
 * Level 0.5 Polearms
 - Level 1.7 Dodging
 - Level 2.1 Stealth
 + Level 0.2 Shields
 - Level 1.7 Spellcasting
 - Level 0.8 Transmutations
 - Level 3.0 Poison Magic


You had 4 spell levels left.
You knew the following spells:

 Your Spells              Type           Power        Failure   Level
a - Sting                 Tmut/Pois      16%          100%        1

Your spell library contained the following spells:

 Spells                   Type           Power        Failure   Level
 Poisonous Vapours        Pois/Air       6%           100%        2
 Ignite Poison            Fire/Tmut/Pois 3%           100%        3
 Mephitic Cloud           Conj/Pois/Air  2%           100%        3
 Olgreb's Toxic Radiance  Pois           6%           100%        4


Dungeon Overview and Level Annotations

Branches:
Dungeon (2/15)

Altars:
Yredelemnul


Innate Abilities, Weirdness & Mutations

You thrive by killing the living.
You are immune to poison.
You have sharp fingernails.
Your flesh is cold resistant. (rC+)
You are immune to negative energy. (rN+++)
You do not regenerate when monsters are visible.
You are immune to unholy pain and torment.
You can survive without breathing.


Message History

The worm barely misses you.
You hit the worm.
The worm is moderately wounded.
You hit the worm but do no damage.
The worm is moderately wounded.
The worm bites you.
You completely miss the worm.
The worm is lightly wounded.
The worm bites you.
You are too injured to fight recklessly!
You are too injured to fight recklessly!
You are too injured to fight recklessly!
You are too injured to fight recklessly!
You are too injured to fight recklessly!
You are too injured to fight recklessly!
You are too injured to fight recklessly!
You are too injured to fight recklessly!
You are too injured to fight recklessly!
There are monsters nearby!
You hit the worm.
The worm is lightly wounded.
The worm completely misses you.
You hit the worm.
The worm is moderately wounded.
You hit the worm.
The worm is moderately wounded.
The worm bites you.
You hit the worm but do no damage.
The worm is moderately wounded.
The worm bites you!
* * * LOW HITPOINT WARNING * * *
You hit the worm.
The worm is heavily wounded.
The worm bites you but does no damage.
You hit the worm.
The worm is severely wounded.
Reach: h) +0 spear
Press: ? - help, Dir - move target, f - kobold
Aim: a kobold You reach to attack!
You barely miss the kobold. You block the kobold's attack.
You closely miss the kobold. The kobold hits you but does no damage.
Your shield prevents you from hitting the kobold.
The kobold closely misses you.
You hit the kobold.
The kobold is moderately wounded.
You block the kobold's attack.
You hit the kobold but do no damage.
The kobold is moderately wounded.
The kobold hits you but does no damage. You block the kobold's attack.
You closely miss the kobold.
The kobold is moderately wounded.
The kobold barely misses you.
You barely miss the kobold.
The kobold is moderately wounded.
You block the kobold's attack.
You hit the kobold.
You kill the kobold!
Yredelemnul accepts your kill.
You feel better. The leopard gecko bites you.
* * * LOW HITPOINT WARNING * * *
You barely miss the leopard gecko. You block the leopard gecko's attack.
You hit the leopard gecko.
The leopard gecko is lightly wounded.
You block the leopard gecko's attack. The leopard gecko bites you.
* * * LOW HITPOINT WARNING * * *
You closely miss the leopard gecko.
The leopard gecko bites you but does no damage.
You closely miss the leopard gecko. You block the leopard gecko's attack.
The leopard gecko bites you.
* * * LOW HITPOINT WARNING * * *
You hit the leopard gecko.
The leopard gecko is heavily wounded.
The leopard gecko bites you but does no damage.
You closely miss the leopard gecko.
The leopard gecko is heavily wounded.
You block the leopard gecko's attack.
You miss the leopard gecko.
The leopard gecko is heavily wounded.
The leopard gecko bites you but does no damage.
You block the leopard gecko's attack.
You hit the leopard gecko.
The leopard gecko is severely wounded.
The leopard gecko bites you.
* * * LOW HITPOINT WARNING * * *
The leopard gecko bites you.
* * * LOW HITPOINT WARNING * * *
It was a potion of might.
You feel very mighty all of a sudden.
The leopard gecko bites you but does no damage.
It was a potion of flight.
You feel very buoyant.
You fly up into the air.
You block the leopard gecko's attack.
It was a potion of magic.
Magic courses through your body. You block the leopard gecko's attack.
You barely miss the leopard gecko.
The leopard gecko is severely wounded.
The leopard gecko bites you but does no damage.
The leopard gecko bites you.
You die...
Yredelemnul claims you as an undead slave.

####..#### .....
##w..## .... #.....#
... #.l...# #+#
#.....# #.# #....##
#####.# #.####
#.....#######
#.########.##.........
#..wl@.....#.....#####
#########..##...##
#......## ##.###.# #.#
#.# #.###.# #.....#
#######


You could see a worm and a leopard gecko.

Vanquished Creatures
  A dart slug (D:1)
  A leopard gecko (D:2)
  3 giant cockroaches
  4 goblins
  3 hobgoblins (D:1)
  3 jackals (D:1)
  3 bats
  A frilled lizard (D:1)
  6 kobolds
  7 rats (D:1)
32 creatures vanquished.

Notes
Turn   | Place    | Note
-------+----------+-------------------------------------------
     0 | D:1      | EnegeticOcto the Ghoul Venom Mage began the quest for the
                  | Orb.
     0 | D:1      | Reached XP level 1. HP: 14/14 MP: 2/2
    40 | D:1      | Reached skill level 1 in Fighting
   336 | D:1      | Reached XP level 2. HP: 23/24 MP: 0/3
   410 | D:1      | Reached skill level 2 in Fighting
   998 | D:1      | Reached XP level 3. HP: 26/30 MP: 4/4
  1323 | D:2      | Found a basalt altar of Yredelemnul.
  1328 | D:2      | Became a worshipper of Yredelemnul the Dark
  1336 | D:2      | Reached skill level 3 in Fighting
  1656 | D:2      | HP: 1/31 [leopard gecko (2)]
  1660 | D:2      | Slain by a leopard gecko

Illustrated notes

Levels and vault maps discovered:
D:1:      lightli_arrival_statuegarden, layout_basic
D:2:      layout_loops_corners, kennysheep_slug_shrine,
          yredelemnul_altar_generic, fedhas_altar_3

Skill      XL: |  1  2  3 |
---------------+----------+-----
Fighting       | 1 2 3 |  3.0
Polearms       | |  0.5
Dodging        | |  1.7
Stealth        | |  2.1
Shields        | |  0.2
Spellcasting   | |  1.7
Transmutations | |  0.8
Poison Magic   | |  3.0

Action                   || total
-------------------------++-------
Melee: Unarmed           ||    32
       Spear             ||   117
       Short sword       ||    23
 Cast: Sting             ||    14
  Use: Potion            ||     3
 Stab: Sleeping          ||     1
Armor: Robe              ||     5
       Ring mail         ||    72
Dodge: Dodged            ||    83
Block: Tower shield      ||    38
